 Dungeon Crawl Stone Soup version 0.28.0-45-g0d030f2227 (webtiles) character file.

Game seed: 13628398143158234062

172782 pkoi the Black Belt (level 16, -18/160 HPs)
             Began as a Demigod Gladiator on Apr 6, 2022.
             Demolished by a naga warrior
             ... wielding a +0 glaive
              (54 damage)
             ... on level 4 of the Snake Pit on Apr 7, 2022.
             The game lasted 01:55:32 (58045 turns).

pkoi the Black Belt (Demigod Gladiator)            Turns: 58045, Time: 01:55:33

Health: -18/160    AC: 13    Str: 15    XL:     16   Next: 62%
Magic:  25/42      EV: 18    Int: 35    God:
Gold:   2781       SH:  0    Dex: 15    Spells: 7/32 levels left

rFire   . . .      SeeInvis .     - Unarmed
rCold   + + +      Faith    .   (shield currently unavailable)
rNeg    . . .      Spirit   .   (armour currently unavailable)
rPois   +          Reflect  .   (helmet currently unavailable)
rElec   .          Harm     .   (cloak currently unavailable)
rCorr   .          Rampage  .   (gloves currently unavailable)
Will    +....                   (boots currently unavailable)
Stlth   +.........              t - amulet of the acrobat
HPRegen 0.36/turn               Y - ring of Departure {rPois rF+ MP+9 Int+5}
MPRegen 0.28/turn               l - +4 ring of evasion

@: ice-form
A: freezing attack, amphibious, boosted hp, large, high MP 1, forlorn, divine
attributes, (claws 1)
}: 1/15 runes: decaying
a: End Transformation


You were on level 4 of the Snake Pit.
You were a creature of crystalline ice.
You visited 6 branches of the dungeon, and saw 29 of its levels.
You also visited: Ossuary and Gauntlet.

You collected 4053 gold pieces.
You spent 1272 gold pieces at shops.

Inventory:

Hand Weapons
 n - the +3 great sword "Concordance" (melded) {pain, rElec rC++ MP+9 Stlth+}
   (You found it in a Gauntlet)

   In the hands of one skilled in necromantic magic, it inflicts extra damage on
   living creatures.
   rC:        It greatly protects you from cold.
   rElec:     It insulates you from electricity.
   MP:        It affects your magic capacity (+9).
   Stlth:     It makes you more stealthy.
Missiles
 c - 4 throwing nets
 p - 17 javelins
Armour
 k - a +0 pair of boots (melded)
 O - the +2 hat of Rugu (melded) {Str+6}
   (You found it in a Gauntlet)

   Str:       It affects your strength (+6).
 P - a +0 pair of gloves of stealth (melded)
 Z - +0 steam dragon scales (melded)
Magical Staves
 a - a staff of cold
Jewellery
 e - a ring of willpower
 i - a ring of protection from fire
 l - a +4 ring of evasion (right front paw)
 t - an amulet of the acrobat (around neck)
 v - a ring of resist corrosion
 w - a ring of ice
 N - a ring of fire
 Y - the ring of Departure (left front paw) {rPois rF+ MP+9 Int+5}
   (You bought it in a shop on level 2 of the Snake Pit)

   [ring of protection from fire]

   Int:       It affects your intelligence (+5).
   rF:        It protects you from fire.
   rPois:     It protects you from poison.
   MP:        It affects your magic capacity (+9).
Wands
 f - a wand of acid (23)
 g - a wand of charming (12)
 j - a wand of iceblast (3)
 o - a wand of flame (47)
 r - a wand of digging (14)
 y - a wand of mindburst (16)
 L - a wand of paralysis (23)
 U - a wand of polymorph (17)
Scrolls
 d - 13 scrolls of teleportation
 h - a scroll of summoning
 z - 5 scrolls of identify
 A - a scroll of enchant weapon
 D - a scroll of amnesia
 G - a scroll of holy word
 H - 9 scrolls of fog
 Q - a scroll of silence
 R - a scroll of fear
 T - a scroll of blinking
 X - a scroll of magic mapping
Potions
 b - a potion of berserk rage
 m - a potion of resistance
 q - 5 potions of heal wounds
 s - a potion of magic
 u - 5 potions of flight
 x - 4 potions of cancellation
 C - 3 potions of haste
 E - 11 potions of curing
 J - 2 potions of ambrosia
 K - 3 potions of brilliance
 W - 2 potions of might


   Skills:
 - Level 9.8 Fighting
 - Level 1.7 Throwing
 - Level 9.8 Dodging
 - Level 15.3 Unarmed Combat
 + Level 8.8 Spellcasting
 - Level 9.0 Conjurations
 - Level 6.1 Summonings
 + Level 2.7 Translocations
 + Level 10.7 Transmutations
 - Level 9.5 Ice Magic
 + Level 7.6 Air Magic


You had 7 spell levels left.
You knew the following spells:

 Your Spells              Type           Power      Damage    Failure   Level
a - Frozen Ramparts       Ice            100%       1d12      1%          3
b - Ozocubu's Armour      Ice            70%        N/A       1%          3
c - Ice Form              Ice/Tmut       72%        N/A       1%          4
d - Summon Ice Beast      Ice/Summ       63%        N/A       1%          4
e - Freezing Cloud        Conj/Ice/Air   33%        6-21      2%          5
f - Airstrike             Air            31%        N/A       1%          4
g - Blink                 Tloc           68%        N/A       1%          2

Your spell library contained the following spells:

 Spells                   Type           Power      Damage    Failure   Level
 Shock                    Conj/Air       100%       1d9       1%          1
 Ensorcelled Hibernation  Hex/Ice        96%        N/A       1%          2
 Passwall                 Tmut/Erth      43%        N/A       1%          2
 Ignite Poison            Fire/Tmut/Pois 40%        N/A       1%          3
 Mephitic Cloud           Conj/Pois/Air  53%        N/A       1%          3
 Stone Arrow              Conj/Erth      92%        3d12      1%          3
 Swiftness                Air            62%        N/A       1%          3
 Hailstorm                Conj/Ice       69%        3d14      1%          4
 Sandblast                Erth           30%        2d9       2%          1
 Slow                     Hex            60%        N/A       2%          1
 Scorch                   Fire           30%        2d7       4%          2
 Flame Wave               Conj/Fire      46%        2d10      4%          4
 Fulminant Prism          Conj/Hex       23%        3d13      4%          4
 Animate Armour           Summ/Erth      72%        N/A       8%          4
 Confusing Touch          Hex            15%        N/A       9%          3
 Vampiric Draining        Necr           15%        2d7       9%          3
 Metabolic Englaciation   Hex/Ice        24%        N/A       11%         5
 Manifold Assault         Tloc           34%        N/A       26%         5
 Cause Fear               Hex            7%         N/A       28%         4
 Dragon Form              Tmut           37%        N/A       28%         7
 Summon Cactus Giant      Summ           27%        N/A       34%         6
 Storm Form               Tmut/Air       34%        N/A       47%         7
 Simulacrum               Ice/Necr       24%        N/A       52%         6
 Lehudib's Crystal Spear  Conj/Erth      23%        10d6      100%        8
 Dragon's Call            Summ           27%        N/A       100%        9


Dungeon Overview and Level Annotations

Branches:
Dungeon (12/15)            Temple (1/1) D:7            Lair (6/6) D:10
  Swamp (4/4) Lair:3        Snake (4/4) Lair:2        Slime (0/5) Lair:5
    Orc (2/2) D:10            Elf (0/3) Orc:2       Ossuary (visited)
Gauntlet (visited)

Shops:
D:4 (   D:5 (   Orc:2 ?*!*   Snake:2 *?=*

Portals:
Hell: Lair:6

Annotations:
D:12 3 runed translucent doors, zeratav's ghost, journeyman OpTm
Lair:1 3 runed translucent doors, KittyFluff's ghost, journeyman DrBe
Lair:4 exclusion: oklob plant
Lair:5 2 transporters, 1 runed translucent door
Orc:2 1 runed translucent door


Innate Abilities, Weirdness & Mutations

You are a creature of crystalline ice.
You have a powerful freezing melee attack.
You are amphibious.
Your maximum health is increased.
Your armour is entirely melded.
You are incapable of wielding weapons or throwing items.
You have an increased reservoir of magic. (+10% MP)
You shall have no god before yourself.
Your divine heritage dramatically boosts your attributes as you level up.
((You have sharp fingernails.))


Message History

You feel less stealthy.
You are engulfed in freezing vapours.
You resist.
* * * LOW HITPOINT WARNING * * *
The salamander mystic is engulfed in freezing vapours.
The naga warrior is engulfed in freezing vapours.
The naga warrior hits you from afar with a +0 glaive!!
* * * LOW HITPOINT WARNING * * *
The naga warrior is engulfed in freezing vapours. x3
The naga warrior hits you from afar with a +0 glaive!!!
* * * LOW HITPOINT WARNING * * *
A naga comes into view. It is wielding a +0 halberd.
The naga shouts!
You hear an angry hiss.
The naga warrior blocks your attack.
The naga warrior is moderately wounded.
You are engulfed in freezing vapours.
You resist.
* * * LOW HITPOINT WARNING * * *
The salamander mystic is engulfed in freezing vapours.
You kill the salamander mystic!
The naga warrior is engulfed in freezing vapours.
The naga warrior spits poison at you. The splash of poison misses you.
You are engulfed in freezing vapours.
You resist.
* * * LOW HITPOINT WARNING * * *
The naga warrior is engulfed in freezing vapours. x2
The naga warrior barely misses you.
The naga warrior is engulfed in freezing vapours.
The naga warrior closely misses you. The naga warrior grabs you.
You stop ascending the stairs.
The naga warrior constricts you.
* * * LOW HITPOINT WARNING * * *
The naga warrior is engulfed in freezing vapours.
The naga warrior hits you from afar with a +0 glaive!
* * * LOW HITPOINT WARNING * * *
A guardian serpent comes into view.
Unknown command.
Unknown command.
You escape the naga warrior's grasp.
You are engulfed in freezing vapours.
You resist.
* * * LOW HITPOINT WARNING * * *
The naga warrior is engulfed in freezing vapours.
The naga warrior hits you from afar with a +0 glaive!!!
You die...

.. ..## #.
..##... ...
....... ###.#.
....... #...§(.
.......#..|§§§.
.........§.§§§.
...<....§§§§§§.
.......YNN§§§N.
..<..#.N§§§§§N.
... .§§N§§§☼§..
. ....#§§§§.§..
###.§§§§§§...S
..###§§○...#
... .##.###
.... .. ..


You could see 4 naga warriors, a salamander (strong), a guardian serpent and a
naga (strong).

Vanquished Creatures
  the Lernaean hydra (Swamp:4)
  Saint Roka (Snake:2)
  2 fenstrider witches
  A nagaraja (Snake:2)
  A reaper (Gauntlet)
  6 eleionomae
  2 dire elephants (Lair:6)
  3 bunyips
  A minotaur (Gauntlet)
  A boulder beetle (D:9)
  A ghost crab (Swamp:1)
  32 hydras
  4 anacondas
  4 naga warriors
  3 two-headed ogres
  9 alligators
  4 death yaks
  3 orc high priests (Orc:2)
  2 naga sharpshooters (Snake:2)
  4 shock serpents
  Nergalle (Lair:1)
  A sixfirhy (Lair:6)
  2 salamander mystics
  9 goliath frogs
  2 spriggan druids (Swamp:1)
  The ghost of Rudyous the Skirmisher, a novice DrCK of Xom (D:6)
  10 swamp dragons
  3 bog bodies (Swamp:1)
  The ghost of AlmostDecent the Magician, a novice GnEE of Vehumet (D:6)
  2 naga ritualists
  A wizard (Lair:6)
  A lindwurm (Lair:6)
  The ghost of safid the Cleaver, a novice HOFi (D:6)
  3 mana vipers
  4 orc knights (Orc:2)
  2 wolf spiders (Lair:6)
  A cyclops (D:12)
  7 will-o-the-wisps
  6 orc sorcerers
  9 salamanders
  23 elephants
  25 black mambas
  11 naga magi
  An eye of devastation (Gauntlet)
  18 cane toads
  4 orange demons (Lair:6)
  A smoke demon (Lair:6)
  3 kobold demonologists (D:12)
  7 rime drakes
  7 komodo dragons
  A hellwing (Gauntlet)
  An ice devil (Lair:6)
  A red devil (Lair:6)
  7 trolls
  3 polar bears
  8 tyrant leeches
  A queen bee (D:12)
  3 meliai (D:12)
  13 blink frogs
  2 raiju (Gauntlet)
  7 hornets
  13 dream sheep
  7 spriggans
  2 wraiths
  A shadow (D:10)
  6 wyverns
  46 yaks
  A basilisk (Lair:1)
  3 steam dragons
  Edmund (D:5)
  10 vampire mosquitoes
  20 swamp worms
  2 wargs
  An acid dragon (D:10)
  22 water moccasins
  4 hell hounds (Lair:6)
  18 nagas
  A floating eye (Gauntlet)
  17 orc warriors
  10 swamp drakes
  A black bear (Lair:3)
  2 hornet zombies
  7 ogres
  A necrophage (D:6)
  32 wolves
  5 centaurs
  3 kobold brigands
  10 bullfrogs
  3 scorpions
  2 gnoll sergeants (D:7)
  A jelly (D:5)
  33 killer bees
  A wight (D:9)
  4 howler monkeys
  3 electric eels
  A centaur zombie (D:9)
  15 orc priests
  7 hounds
  A bullfrog zombie (D:6)
  2 bullfrog skeletons
  3 gnoll shamans
  2 iguanas
  16 orc wizards
  A scorpion zombie (D:5)
  Natasha (thrice) (D:3)
  A lightning spire (Gauntlet)
  8 hell rats
  2 mummies
  2 howler monkey zombies
  A howler monkey skeleton (D:4)
  9 adders
  22 gnolls
  A shadow imp (Gauntlet)
  2 white imps (D:8)
  An ufetubus (D:6)
  An adder zombie (D:5)
  An adder skeleton (D:4)
  A worm (D:2)
  2 dart slugs
  23 orcs
  10 endoplasms
  8 giant cockroaches
  8 goblins
  9 hobgoblins
  10 jackals
  15 kobolds
  2 quokkas (D:3)
  11 ball pythons
  8 bats
  5 frilled lizards
  5 gnoll skeletons (Ossuary)
  A goblin zombie (D:8)
  4 kobold skeletons (Ossuary)
  16 orc skeletons (Ossuary)
  An orc zombie (D:8)
  4 rats
837 creatures vanquished.

Vanquished Creatures (collateral kills)
  3 elephants
  A yak (Lair:6)
  A basilisk (Lair:2)
  A swamp worm (Lair:3)
  A water moccasin (Lair:4)
  An electric eel (D:10)
8 creatures vanquished.

Vanquished Creatures (others)
  A blink frog (Lair:6)
  An orc (D:12)
  15 foxfires
  47 fungi
  65 plants
129 creatures vanquished.

Grand Total: 974 creatures vanquished

Notes
Turn   | Place    | Note
-------+----------+-------------------------------------------
     0 | D:1      | pkoi the Demigod Gladiator began the quest for the Orb.
     0 | D:1      | Reached XP level 1. HP: 17/17 MP: 3/3
    54 | D:1      | Reached skill level 3 in Unarmed Combat
   560 | D:1      | Reached XP level 2. HP: 9/24 MP: 4/4
  1398 | D:2      | Reached XP level 3. HP: 29/29 MP: 5/5
  1410 | D:2      | Reached skill level 4 in Unarmed Combat
  1950 | D:2      | Reached XP level 4. HP: 30/37 MP: 6/6
  3002 | D:2      | Learned a level 3 spell: Frozen Ramparts
  3265 | D:3      | Gained mutation: You are dopey. (Int -2) [potion of
                  | mutation]
  3265 | D:3      | Lost mutation: You are dopey. (Int -2) [potion of mutation]
  3265 | D:3      | Gained mutation: You have sharp fingernails. [potion of
                  | mutation]
  3860 | D:3      | Noticed Natasha
  3873 | D:3      | Killed Natasha
  4154 | D:3      | Reached XP level 5. HP: 44/44 MP: 6/8
  4246 | D:3      | Noticed Natasha
  4251 | D:3      | Killed Natasha
  4339 | D:3      | Identified the +9 rapier "Guntacs" {antimagic, rN+}
  4716 | D:3      | Noticed Natasha
  4725 | D:3      | Killed Natasha
  4726 | D:3      | Reached skill level 5 in Unarmed Combat
  4726 | D:3      | Reached skill level 1 in Ice Magic
  4765 | D:4      | Reached skill level 1 in Spellcasting
  4808 | D:4      | Found Jomam's Weapon Boutique.
  4995 | D:4      | Noticed a centaur
  4996 | D:4      | Noticed a hornet
  5102 | D:4      | Reached XP level 6. HP: 42/51 MP: 3/10
  5569 | D:4      | Learned a level 3 spell: Ozocubu's Armour
  5826 | D:5      | Entered Level 5 of the Dungeon
  6163 | D:5      | Noticed Edmund
  6189 | D:5      | Killed Edmund
  6190 | D:5      | Reached skill level 6 in Unarmed Combat
  6190 | D:5      | Reached XP level 7. HP: 19/57 MP: 0/13
  7250 | D:5      | Found Gaiguh's Weapon Boutique.
  8322 | D:6      | Reached skill level 7 in Unarmed Combat
  8467 | D:6      | Found a runed translucent gate.
  8467 | D:6      | Found a runed translucent gate.
  8468 | D:6      | Found a runed translucent gate.
  8471 | D:6      | Noticed Rudyous's ghost (novice DrCK)
  8471 | D:6      | Noticed AlmostDecent's ghost (novice GnEE)
  8471 | D:6      | Noticed safid's ghost (novice HOFi)
  8634 | D:7      | Reached XP level 8. HP: 49/63 MP: 8/16
  9236 | D:6      | Reached skill level 8 in Unarmed Combat
 10008 | D:7      | Found a staircase to the Ecumenical Temple.
 10056 | D:7      | HP: 2/63 [steam dragon (5)]
 10083 | Temple   | Entered the Ecumenical Temple
 10641 | D:7      | Reached skill level 5 in Ice Magic
 10641 | D:7      | Reached XP level 9. HP: 45/69 MP: 14/18
 10758 | D:7      | Learned a level 4 spell: Ice Form
 10865 | D:8      | Found a sand-covered staircase.
 10872 | Ossuary  | Entered an ossuary
 10904 | Ossuary  | Reached skill level 9 in Unarmed Combat
 11320 | D:8      | Reached skill level 1 in Transmutations
 12810 | D:9      | Reached skill level 10 in Unarmed Combat
 13128 | D:9      | Noticed a two-headed ogre
 13150 | D:9      | Killed a two-headed ogre
 13151 | D:9      | Reached XP level 10. HP: 73/77 MP: 7/19
 13183 | D:9      | Noticed a deep elf archer
 13592 | D:9      | Noticed a boulder beetle
 13658 | D:9      | Killed a boulder beetle
 13659 | D:9      | Reached skill level 11 in Unarmed Combat
 13925 | D:10     | Entered Level 10 of the Dungeon
 14174 | D:10     | Reached skill level 5 in Transmutations
 15068 | D:10     | Learned a level 4 spell: Summon Ice Beast
 15276 | D:10     | Reached skill level 1 in Summonings
 15287 | D:10     | Reached skill level 12 in Unarmed Combat
 15740 | D:10     | Found a staircase to the Lair.
 16443 | D:9      | Reached XP level 11. HP: 82/82 MP: 9/20
 16590 | D:10     | Found a staircase to the Orcish Mines.
 16668 | Lair:1   | Entered Level 1 of the Lair of Beasts
 17077 | Lair:1   | Noticed a four-headed hydra
 17092 | Lair:1   | Killed a four-headed hydra
 17533 | Lair:1   | Found a runed translucent gate.
 17533 | Lair:1   | Found a runed translucent gate.
 17533 | Lair:1   | Found a runed translucent gate.
 17536 | Lair:1   | Noticed KittyFluff's ghost (journeyman DrBe)
 17536 | Lair:1   | Noticed a 12-headed hydra
 17537 | Lair:1   | Noticed an 11-headed hydra
 19238 | Lair:2   | Found a staircase to the Snake Pit.
 19373 | Lair:2   | Noticed a six-headed hydra
 19398 | Lair:2   | Killed a six-headed hydra
 19603 | Lair:2   | Noticed Nergalle
 19905 | Lair:1   | Killed Nergalle
 19906 | Lair:1   | Reached skill level 13 in Unarmed Combat
 20673 | Lair:2   | Reached XP level 12. HP: 51/92 MP: 11/21
 21499 | Lair:3   | Learned a level 5 spell: Freezing Cloud
 21634 | Lair:3   | Reached skill level 5 in Dodging
 21659 | Lair:3   | Reached skill level 5 in Fighting
 21796 | Lair:3   | Reached skill level 1 in Conjurations
 21796 | Lair:3   | Reached skill level 1 in Air Magic
 22599 | Lair:3   | Found a staircase to the Swamp.
 23568 | Lair:4   | Reached skill level 5 in Spellcasting
 24838 | Lair:5   | Noticed an eight-headed hydra
 24847 | Lair:5   | Killed an eight-headed hydra
 24848 | Lair:5   | Reached XP level 13. HP: 70/102 MP: 17/24
 24861 | Lair:5   | Found a gate leading to a gauntlet.
 24870 | Gauntlet | Entered a Gauntlet
 24870 | Gauntlet | Found a transporter.
 24870 | Gauntlet | Found a transporter.
 25011 | Gauntlet | Found a transporter.
 25011 | Gauntlet | Found a transporter.
 25027 | Gauntlet | Found a transporter.
 25027 | Gauntlet | Noticed a reaper
 25031 | Gauntlet | Found a transporter.
 25031 | Gauntlet | Found a transporter.
 25055 | Gauntlet | Found a transporter.
 25062 | Gauntlet | Found a transporter.
 25074 | Gauntlet | Found a transporter.
 25096 | Gauntlet | Found a transporter.
 25108 | Gauntlet | Found a transporter.
 25154 | Gauntlet | Found a transporter.
 25170 | Gauntlet | Found a transporter.
 25271 | Gauntlet | Found a transporter.
 25285 | Gauntlet | Found a transporter.
 25373 | Gauntlet | Found a transporter.
 25373 | Gauntlet | Found a transporter.
 25382 | Gauntlet | Found a transporter.
 25403 | Gauntlet | Found a transporter.
 25407 | Gauntlet | Found a transporter.
 25407 | Gauntlet | Found a transporter.
 25412 | Gauntlet | Found a transporter.
 25429 | Gauntlet | Found a transporter.
 25436 | Gauntlet | Found a transporter.
 25480 | Gauntlet | Found a transporter.
 25492 | Gauntlet | Found a transporter.
 25506 | Gauntlet | Found a transporter.
 25607 | Gauntlet | Found a transporter.
 25623 | Gauntlet | Found a transporter.
 25629 | Gauntlet | Noticed a quicksilver ooze
 25629 | Gauntlet | a six-headed hydra changed into a quicksilver ooze
 26042 | Gauntlet | Identified the +2 hat of Rugu {Str+6}
 26152 | Gauntlet | Killed a reaper
 26192 | Gauntlet | Identified the +3 great sword "Concordance" {pain, rElec
                  | rC++ MP+9 Stlth+}
 26524 | Gauntlet | Identified the +8 falchion of the Shark {antimagic, Int+6}
 26524 | Gauntlet | Identified the +4 longbow of Guilt {speed, rC- rN++ Str+2
                  | Dex-5}
 26524 | Gauntlet | Noticed a minotaur
 26572 | Gauntlet | Killed a minotaur
 26726 | Gauntlet | Got the Collected Works on Creative Malediction
 26886 | Lair:5   | Found a transporter.
 26888 | Lair:5   | Found a transporter.
 27224 | Lair:5   | Found a runed translucent door.
 27226 | Lair:5   | Found a staircase to the Slime Pits.
 27271 | Lair:5   | Reached skill level 5 in Summonings
 27798 | Lair:6   | Entered Level 6 of the Lair of Beasts
 28704 | Lair:6   | Reached skill level 14 in Unarmed Combat
 29040 | Lair:6   | Reached skill level 5 in Conjurations
 29284 | Lair:6   | Noticed a dire elephant
 29310 | Lair:6   | Killed a dire elephant
 29313 | Lair:6   | Reached XP level 14. HP: 109/113 MP: 13/27
 29448 | Lair:6   | Reached skill level 5 in Air Magic
 30038 | Lair:6   | Found a gateway to Hell.
 31289 | D:11     | Identified the +2 chain mail of Zimmiw {+Blink rC+ rN+}
 31806 | D:11     | Identified the +5 chain mail of the Hippo {rN+}
 32720 | D:12     | Found a runed translucent gate.
 32720 | D:12     | Noticed a storm dragon
 32721 | D:12     | Found a runed translucent gate.
 32725 | D:12     | Found a runed translucent gate.
 32726 | D:12     | Noticed zeratav's ghost (journeyman OpTm)
 34540 | D:6      | Killed AlmostDecent's ghost
 34542 | D:6      | Killed Rudyous's ghost
 34543 | D:6      | Killed safid's ghost
 34928 | Orc:1    | Entered Level 1 of the Orcish Mines
 35605 | Orc:2    | Entered Level 2 of the Orcish Mines
 36124 | Orc:2    | Found a staircase to the Elven Halls.
 36554 | Orc:2    | Found a runed translucent door.
 37723 | Orc:2    | Found Huanoif's Assorted Antiques.
 37723 | Orc:2    | Found Otamesyrgh's Magic Scroll Shoppe.
 37724 | Orc:2    | Found Rafrodwi's Distillery.
 37724 | Orc:2    | Found Alurahed's Assorted Antiques.
 37735 | Orc:2    | Bought a scroll labelled IRGHEX EDWULOPTONI for 37 gold
                  | pieces
 37952 | Snake:1  | Entered Level 1 of the Snake Pit
 40048 | Snake:2  | Noticed a nagaraja
 40083 | Snake:2  | Killed a nagaraja
 40084 | Snake:2  | Reached XP level 15. HP: 119/123 MP: 18/28
 40349 | Snake:2  | Found Uzxu Lator's Assorted Antiques.
 40351 | Snake:2  | Found Mudon's Jewellery Boutique.
 40351 | Snake:2  | Found Osiulyragg's Magic Scroll Shop.
 40356 | Snake:2  | Found Onoant's General Store.
 40359 | Snake:2  | Bought a scroll of blinking for 120 gold pieces
 41599 | Snake:2  | Noticed Saint Roka
 43046 | Snake:2  | Killed Saint Roka
 43924 | Snake:2  | Reached skill level 15 in Unarmed Combat
 45152 | Snake:3  | Learned a level 4 spell: Airstrike
 46567 | Swamp:1  | Entered Level 1 of the Swamp
 47758 | Snake:2  | Bought the ring of Departure {rPois rF+ MP+9 Int+5} for
                  | 1115 gold pieces
 49044 | Swamp:1  | Noticed a fenstrider witch
 49272 | Swamp:1  | Killed a fenstrider witch
 50034 | Swamp:2  | Identified a scroll of acquirement
 51398 | Swamp:2  | Reached XP level 16. HP: 134/134 MP: 27/32
 51747 | Swamp:2  | Identified the +9 glaive of the Dungeon {drain, rN+}
 52129 | Lair:5   | Acquired 886 gold pieces
 53174 | Swamp:3  | Reached skill level 10 in Transmutations
 54187 | Swamp:4  | Entered Level 4 of the Swamp
 54199 | Swamp:4  | Paralysed by a fenstrider witch for 3 turns
 55447 | Swamp:4  | Learned a level 2 spell: Blink
 55861 | Swamp:4  | Reached skill level 1 in Translocations
 56408 | Swamp:4  | Noticed the 27-headed Lernaean hydra
 57008 | Swamp:4  | Killed the 27-headed Lernaean hydra
 57784 | Swamp:4  | Got a decaying rune of Zot
 58034 | Snake:4  | Entered Level 4 of the Snake Pit
 58045 | Snake:4  | Demolished by a naga warrior

Illustrated notes

Levels and vault maps discovered:
D:1:      dpeg_arrival_lava_altar, layout_loops_ring,
          shapermc_ecumenical_altar_venn, minmay_vboxes
D:2:      minmay_diamond_boxcup, layout_loops_corners,
          hangedman_decor_peaks_small, minmay_between
D:3:      layout_loops_cross, grunt_gozag_breadcrumbs,
          mainiacjoe_overflow_catwalk, chequers_serial_rivers_room_a,
          uniq_natasha
D:4:      layout_loops_corners, grunt_temple_overflow_open, serial_shops,
          nicolae_shop_bloodbath_and_beyond, lightli_corner_chamber
D:5:      layout_gridville, serial_shops, nicolae_shop_trees, uniq_edmund
D:6:      layout_rooms, gammafunk_ghost_cemetery, chequers_avenue,
          due_unseen_surprise
D:7:      layout_gridville, minmay_temple_entry_statues_fountains
D:8:      layout_basic, nicolae_ossuary_entry_giza
D:9:      minmay_the_grid_plus_closed [minmay_the_grid_plusring,
          minmay_the_grid_box_x, minmay_the_grid_minigrid_small_alt,
          minmay_the_grid_doors, minmay_the_grid_prize_diamond_cup],
          layout_loops_ring, minivault_5
D:10:     layout_cave_pools, zin_statuary, erik_lair_island, orc_0_dummy
D:11:     layout_loops_ring
D:12:     layout_loops_cross, special_room [special_room_bee],
          gammafunk_ghost_split
Temple:   nicolae_temple_great_sept
Lair:1:   layout_cave_pods, gammafunk_ghost_hydra_chop
Lair:2:   layout_gridlike, guppyfry_snake_entry_island,
          infiniplex_staircase_pool_2, grunt_megastairs_2, serial_bayou_shore_a,
          uniq_nergalle
Lair:3:   layout_small_grid, minmay_swamp_entry_worms
Lair:4:   layout_roguey, lemuel_oklob_altar, lemuel_fruit_fields
Lair:5:   gammafunk_boulding_lane, layout_cave_pods, slime_altar_2,
          gauntlet_entry_generic
Lair:6:   evil_forest, layout_loops_ring, nicolae_lair_run_with_the_wolves
Swamp:1:  layout_basic_swamp, evilmike_swamp_ruin_house_4, swamp_pool5,
          nicolae_swamp_wisp_ring_woods, infiniplex_staircase_pool
Swamp:2:  layout_basic_swamp, evilmike_swamp_ruin_rubble_1
Swamp:3:  layout_falls_marsh, nicolae_swamp_tree_isthmus
Swamp:4:  swamp_old_school, layout_basic_swamp
Snake:1:  layout_rooms, special_room, nicolae_snake_serpentine_hallways
Snake:2:  layout_layer_cave, special_room, grunt_ministairs_5, minmay_shoptagon,
          uniq_saint_roka
Snake:3:  layout_grid_maze
Snake:4:  grunt_snake_rune_serpentine_throne, layout_rooms, basic_altar
Orc:1:    layout_diamond_mine
Orc:2:    st_orc_elflike, layout_diamond_mine, nicolae_orc_rockfall,
          lightli_church_of_beogh

Skill      XL: |  1  2  3  4  5  6  7  8  9 10 11 12 13 14 15 16 |
---------------+-------------------------------------------------+-----
Unarmed Combat | 3 4 5 6 7 8 10 12 13 14 15 | 15.3
Fighting       | 2 3 4 6 7 8 9 |  9.8
Ice Magic      | 1 2 3 5 6 7 8 9 |  9.5
Spellcasting   | 1 2 3 4 5 6 7 8 |  8.8
Dodging        | 3 4 6 7 8 9 |  9.8
Transmutations | 3 5 6 7 8 9 10 | 10.7
Summonings     | 1 4 5 6 |  6.1
Conjurations   | 3 5 6 8 9 |  9.0
Air Magic      | 3 4 6 7 |  7.6
Translocations | 2 |  2.7
Throwing       | |  1.7

Action                   |  1- 3 |  4- 6 |  7- 9 | 10-12 | 13-15 | 16-18 || total
-------------------------+-------+-------+-------+-------+-------+-------++-------
Melee: Unarmed           |   137 |   133 |   308 |   401 |   600 |    32 ||  1611
       Punch             |     6 |    11 |    19 |     5 |     4 |       ||    45
       Dagger            |    11 |       |       |       |       |       ||    11
       Rapier            |       |   108 |    16 |       |       |       ||   124
       Staff             |       |       |       |     5 |    36 |     1 ||    42
       Great sword       |       |       |       |       |       |     2 ||     2
Throw: Throwing net      |       |       |     2 |       |       |       ||     2
       Javelin           |       |       |     1 |       |       |       ||     1
 Cast: Frozen Ramparts   |       |     1 |    35 |    70 |    97 |     3 ||   206
       Ozocubu's Armour  |       |       |     6 |    36 |    38 |       ||    80
       Ice Form          |       |       |     3 |    52 |    90 |    13 ||   158
       Summon Ice Beast  |       |       |       |     9 |     6 |       ||    15
       Freezing Cloud    |       |       |       |       |   153 |    72 ||   225
       Airstrike         |       |       |       |       |    38 |   110 ||   148
       Blink             |       |       |       |       |       |     1 ||     1
Evoke: Wand              |       |       |       |     1 |       |       ||     1
  Use: Potion            |       |     6 |     1 |     2 |       |       ||     9
       Scroll            |       |     4 |     3 |    10 |     7 |     1 ||    25
 Stab: Sleeping          |     2 |     1 |     1 |       |       |       ||     4
       Confused          |       |       |       |       |     1 |       ||     1
Armor: Leather armour    |    56 |    44 |    63 |    32 |    27 |       ||   222
       Skin              |       |       |     1 |   104 |   165 |     6 ||   276
       Steam dragon scal |       |       |       |       |       |     7 ||     7
Dodge: Dodged            |   114 |   189 |   305 |   342 |   597 |    52 ||  1599
